 Dungeon Crawl Stone Soup version 0.29.0-13-gc9e81de378 (webtiles) character file.

Game seed: 4845207476127938230

9566 Flugkiller the Fighter (level 11, -3/77 HPs)
             Began as an Octopode Cinder Acolyte on Sept 7, 2022.
             Was a Follower of Ignis.
             Slain by a sun demon (6 damage)
             ... summoned by a kobold demonologist
             ... on level 11 of the Dungeon.
             The game lasted 00:30:23 (10523 turns).

Flugkiller the Fighter (Octopode Cinder Acolyte)   Turns: 10523, Time: 00:30:24

Health: -3/77      AC:  1    Str: 13    XL:     11   Next: 48%
Magic:  15/17      EV: 20    Int: 23    God:    Ignis [*.....]
Gold:   394        SH:  0    Dex: 12    Spells: 12/18 levels left

rFire   + + .      SeeInvis .   j - +2 scimitar (vorpal)
rCold   + . .      Faith    .   (no shield)
rNeg    . . .      Spirit   .   (helmet restricted)
rPois   .          Reflect  .   i - amulet of regeneration
rElec   .          Harm     .   v - +4 ring of evasion
rCorr   .          Rampage  .   s - +6 ring of intelligence
Will    .....                   c - ring of protection from cold
Stlth   +++.......              (no ring)
HPRegen 1.02/turn               f - ring of protection from fire
MPRegen 0.15/turn               (no ring)
                                (no ring)
                                (no ring)

@: about to teleport
A: almost no armour, amphibious, 8 rings, camouflage 1, gelatinous body 1,
(nimble swimmer 1), tentacles
a: Renounce Religion, Fiery Armour, Foxfire Swarm, Rising Flame


You were on level 11 of the Dungeon.
You worshipped Ignis.
Ignis was aware of your devotion.
You visited 1 branch of the dungeon, and saw 11 of its levels.
You also visited: Ice Cave.

You collected 684 gold pieces.
You spent 290 gold pieces at shops.

Inventory:

Hand Weapons
 a - a +2 vampiric trident
   (You took it off a gnoll on level 10 of the Dungeon)
 j - a +2 vorpal scimitar (weapon)
   (You took it off Blork the orc on level 5 of the Dungeon)
 G - a +3 great sword
   (You took it off a wight on level 9 of the Dungeon)
Missiles
 r - 6 boomerangs of dispersal
 x - 4 javelins
 H - 3 boomerangs (quivered)
 K - a throwing net
Jewellery
 c - a ring of protection from cold (on tentacle)
   (You found it on level 7 of the Dungeon)
 f - a ring of protection from fire (on tentacle)
   (You found it on level 8 of the Dungeon)
 i - an amulet of regeneration (around mantle)
   (You found it on level 3 of the Dungeon)
 s - a +6 ring of intelligence (right tentacle)
   (You found it on level 6 of the Dungeon)
 v - a +4 ring of evasion (left tentacle)
   (You found it on level 1 of the Dungeon)
 y - a ring of fire
   (You found it on level 8 of the Dungeon)
 I - an amulet of the acrobat
   (You found it on level 9 of the Dungeon)
Wands
 p - a wand of roots (7)
   (You found it on level 11 of the Dungeon)
 E - a wand of flame (6)
   (You took it off Psyche on level 9 of the Dungeon)
Scrolls
 b - 2 scrolls of immolation
 e - 4 scrolls of fear
 g - 2 scrolls of fog
 l - 2 scrolls of magic mapping
 m - 4 scrolls of amnesia
 t - 3 scrolls of teleportation
 z - 3 scrolls of blinking
 A - a scroll of enchant weapon
 B - a scroll of enchant armour
 D - a scroll of summoning
Potions
 d - a potion of might
 h - 3 potions of haste
 k - a potion of invisibility {unknown}
 n - 4 potions of mutation
 o - a potion of ambrosia
 q - 2 potions of curing
 u - 5 potions of flight
 w - a potion of lignification {unknown}
 C - a potion of resistance {unknown}
 L - a potion of heal wounds {unknown}


   Skills:
 - Level 8.0 Fighting
 - Level 7.0 Long Blades
 - Level 4.0 Polearms
 - Level 5.0 Throwing
 + Level 7.8 Dodging
 - Level 3.0 Stealth
 + Level 4.2 Spellcasting
 - Level 5.3 Summonings
 - Level 3.5 Fire Magic
 + Level 6.3 Ice Magic
 * Level 3.3 Evocations


You had 12 spell levels left.
You knew the following spells:

 Your Spells              Type           Power      Damage    Failure   Level
a - Scorch                Fire           42%        2d7       3%          2
b - Summon Ice Beast      Ice/Summ       31%        N/A       9%          4

Your spell library contained the following spells:

 Spells                   Type           Power      Damage    Failure   Level
 Frozen Ramparts          Ice            68%        1d11      2%          3
 Magic Dart               Conj           16%        1d3       11%         1
 Searing Ray              Conj           8%         2d4       16%         2
 Ignite Poison            Fire/Tmut/Pois 10%        N/A       19%         3
 Ice Form                 Ice/Tmut       19%        N/A       28%         4
 Mephitic Cloud           Conj/Pois/Air  4%         N/A       30%         3
 Portal Projectile        Hex/Tloc       8%         N/A       30%         3
 Tukima's Dance           Hex            4%         N/A       30%         3
 Fulminant Prism          Conj/Hex       2%         3d6       71%         4
 Olgreb's Toxic Radiance  Pois           4%         N/A       71%         4
 Freezing Cloud           Conj/Ice/Air   7%         6-21      75%         5
 Blade Hands              Tmut           2%         N/A       96%         5
 Ozocubu's Refrigeration  Ice            17%        4d11      100%        7
 Ignition                 Fire           10%        3d5       100%        8


Dungeon Overview and Level Annotations

Branches:
Dungeon (11/15)            Temple (0/1) D:5            Lair (0/5) D:11
    Orc (0/2) D:11          IceCv (visited)

Altars:
Fedhas
Gozag
Qazlal
Sif Muna
Trog
Vehumet
Yredelemnul

Shops:
D:3 ?   D:8 ?   D:11 (=

Annotations:
D:3 exclusions: orc and orc priest
D:4 2 runed translucent doors, Isauros's ghost, amateur MiHu
D:6 1 runed translucent door, qborf's ghost, novice MeHW
D:9 exclusion: two-headed ogre, Harold
D:10 exclusion: downstairs
D:11 2 transporters, Sonja


Innate Abilities, Weirdness & Mutations

You cannot wear most types of armour.
You are amphibious.
You can wear up to eight rings at the same time.
Your skin changes colour to match your surroundings (Stealth+).
Your rubbery body absorbs attacks. (AC +1, EV +1)
((You are camouflaged when in or above water. (Stealth+)))
You have tentacles for arms and can constrict up to eight enemies at once.


Message History

The kobold brigand hits you with a +0 short sword.
You slash the kobold brigand!
The kobold brigand is almost dead.
You constrict the kobold brigand.
Your ice beast hits the kobold brigand.
Your ice beast freezes the kobold brigand!
The kobold brigand dies!
The kobold misses you.
You hit the kobold. Your grab misses the kobold. You squeeze the kobold.
You kill the kobold!
Things that are here:
a +0 short sword; a kobold corpse
Things that are here:
a +0 short sword; 2 poisoned darts
Things that are here:
a +0 short sword; a kobold corpse
Things that are here:
a +0 short sword; 2 poisoned darts You start resting.
Magic restored.
You start resting.
Your ice beast disappears in a puff of smoke!
HP restored.
A kobold brigand comes into view.
It is wielding a +0 dagger and quivering poisoned darts.
The kobold brigand moves out of view.
A kobold comes into view. It is wielding a +0 dagger.
Casting: Summon Ice Beast (dangerous; 9% risk of failure)
Confirm with . or Enter, or press ? or * to list all spells.
A chill wind blows around you.
The kobold shouts!
You hear a shout!
A kobold comes into view. It is wielding a +0 short sword.
A kobold demonologist comes into view. It is wielding a +0 dagger.
Your ice beast hits the kobold.
The kobold dies!
Things that are here:
a +0 short sword; 2 poisoned darts Something closely misses your ice beast.
Things that are here:
a +0 short sword; 2 poisoned darts A kobold demonologist comes into view.
It is wielding a +0 dagger.
The kobold demonologist casts a spell.
Send 'em back where they came from!
Your ice beast shudders.
The ynoxinul gestures.
Your ice beast closely misses the kobold brigand.
The kobold barely misses your ice beast.
You closely miss the kobold demonologist.
You grab the kobold demonologist. You constrict the kobold demonologist.
The kobold demonologist gestures wildly while chanting. x2
Your ice beast barely misses the kobold brigand.
The kobold brigand closely misses your ice beast.
The kobold brigand throws a curare-tipped dart.
The curare-tipped dart hits your ice beast.
The kobold closely misses your ice beast.
You hit the kobold demonologist.
The kobold demonologist is lightly wounded.
You constrict the kobold demonologist.
Sonja gestures wildly while chanting.
Sonja blinks!
The ufetubus completely misses you. The ufetubus barely misses you.
The kobold demonologist looks encouraged for a moment.
The kobold demonologist casts a spell.
Your ice beast hits the kobold brigand.
Your ice beast freezes the kobold brigand!
The ufetubus barely misses your ice beast.
The ufetubus closely misses your ice beast.
The kobold brigand hits your ice beast with a +0 dagger.
As you read the scroll of teleportation, it crumbles to dust.
You feel strangely unstable.
You constrict the kobold demonologist. The ufetubus completely misses you.
The ufetubus misses you. The ufetubus hits your ice beast.
The ufetubus barely misses your ice beast.
The ufetubus hits you. The ufetubus misses you. The sun demon hits you!!
You are engulfed in flames.
You resist. The kobold barely misses you.
The kobold brigand hits your ice beast but does no damage.
The kobold demonologist hits you but does no damage.
Your ice beast hits the kobold brigand.
Your ice beast freezes the kobold brigand!
The kobold brigand closely misses your ice beast.
You hit the kobold demonologist but do no damage.
You squeeze the kobold demonologist.
The kobold demonologist is moderately wounded.
You constrict the kobold demonologist.
The ufetubus hits your ice beast but does no damage.
The ufetubus hits your ice beast. The ufetubus closely misses you.
The ufetubus completely misses you. The sun demon hits you!
You are engulfed in flames.
You resist.
The kobold brigand hits your ice beast with a +0 dagger!
The kobold brigand hits your ice beast with a +0 short sword!
Your ice beast dies!
Your ice beast disappears in a puff of smoke!
The ufetubus closely misses you. The ufetubus completely misses you.
The kobold hits you with a +0 dagger.
The kobold demonologist hits you with a +0 dagger.
Unknown command.
You release your grip on the kobold demonologist.
The ufetubus completely misses you. The ufetubus barely misses you.
The sun demon hits you!!
* * * LOW HITPOINT WARNING * * *
You are engulfed in flames.
You resist.
You die...

..
.......#......#.........####
. ........#......#4........#
. ........#......#5K.......#
........#......#.55......#
##......#......#3.K....###
#......'......#K5K....#
...########KK.....#
.........5.K......#
.........@35......#
.........######...#
#######..#.>..#...# ###..#
#..#....#...# .#....#
#..#....#.†.# .#....#
#..'....'...#
##....########..#....#...#
................#....#...#
................#....#...#


You could see a sun demon (summoned), a kobold demonologist, Sonja, 2 kobold
brigands, an iron imp (summoned), 4 ufetubi and 2 kobolds.

Vanquished Creatures
  A two-headed ogre (D:10)
  An orc knight (D:11)
  A manticore (D:11)
  Psyche (D:9)
  A komodo dragon (D:10)
  Grinder (D:6)
  A wraith (D:10)
  Sigmund (D:5)
  2 wyverns
  3 yaks
  A water moccasin (D:6)
  Edmund (D:5)
  3 orc warriors
  A sky beast (D:7)
  An ice beast (D:6)
  An ogre (D:5)
  3 centaurs
  2 kobold brigands (D:9)
  5 bullfrogs
  A necrophage (D:8)
  Blork the orc (D:5)
  12 wights
  10 killer bees
  4 howler monkeys
  4 hounds
  3 jellies
  4 orc priests
  Jessica (D:3)
  2 hell rats (D:11)
  2 iguanas
  7 orc wizards
  5 gnolls
  6 adders
  A river rat (D:10)
  2 shadow imps
  2 white imps
  3 worms (D:2)
  2 dart slugs
  17 orcs
  6 ball pythons
  An endoplasm (D:1)
  4 goblins
  7 hobgoblins
  3 jackals (D:3)
  4 quokkas
  7 bats
  3 frilled lizards (D:1)
  16 kobolds
  3 rats
174 creatures vanquished.

Vanquished Creatures (collateral kills)
  A hydra (D:11)
  3 two-headed ogres
  2 yaks (D:11)
  An acid dragon (D:10)
  A kobold brigand (D:11)
  A gnoll bouda (D:10)
  2 gnolls (D:10)
  5 orcs
  A kobold (D:11)
17 creatures vanquished.

Vanquished Creatures (others)
  92 foxfires
92 creatures vanquished.

Grand Total: 283 creatures vanquished

Notes
Turn   | Place    | Note
-------+----------+-------------------------------------------
     0 | D:1      | Flugkiller the Octopode Cinder Acolyte began the quest for
                  | the Orb.
     0 | D:1      | Reached XP level 1. HP: 16/16 MP: 2/2
    79 | D:1      | Reached skill level 1 in Throwing
    79 | D:1      | Reached XP level 2. HP: 18/21 MP: 3/3
   614 | D:1      | Found a faded altar of an unknown god.
   973 | D:2      | Reached XP level 3. HP: 14/26 MP: 4/4
  1129 | D:2      | Found a shimmering blue altar of Sif Muna.
  1842 | D:3      | Found a stormy altar of Qazlal.
  1842 | D:3      | Found a bloodstained altar of Trog.
  1879 | D:3      | Found Launok's Magic Scroll Boutique.
  1883 | D:3      | Bought a scroll of blinking for 82 gold pieces
  2023 | D:3      | Bought a scroll of fear for 44 gold pieces
  2252 | D:3      | Reached XP level 4. HP: 31/31 MP: 5/5
  2591 | D:3      | Noticed Jessica
  2598 | D:3      | Killed Jessica
  2599 | D:3      | Reached XP level 5. HP: 25/36 MP: 6/6
  3090 | D:4      | Reached skill level 4 in Fighting
  3297 | D:4      | Noticed an ogre
  3595 | D:4      | Reached XP level 6. HP: 32/43 MP: 7/7
  3612 | D:4      | Found a runed translucent door.
  3622 | D:4      | Noticed Isauros's ghost (amateur MiHu)
  3657 | D:4      | Found a runed translucent door.
  3897 | D:5      | Entered Level 5 of the Dungeon
  4106 | D:5      | Noticed Sigmund
  4332 | D:5      | Noticed Edmund
  4333 | D:5      | Noticed Blork the orc
  4542 | D:5      | Killed Edmund
  4543 | D:5      | Reached skill level 5 in Throwing
  4573 | D:5      | Killed Blork the orc
  4574 | D:5      | Reached XP level 7. HP: 15/49 MP: 8/8
  4663 | D:5      | Found a radiant altar of Vehumet.
  4663 | D:5      | Found a basalt altar of Yredelemnul.
  4695 | D:5      | Found a staircase to the Ecumenical Temple.
  4729 | D:5      | Reached skill level 5 in Fighting
  4750 | D:5      | Reached skill level 1 in Long Blades
  5285 | D:6      | Found a runed translucent door.
  5300 | D:6      | Noticed qborf's ghost (novice MeHW)
  5311 | D:6      | Reached skill level 6 in Fighting
  5334 | D:6      | Reached XP level 8. HP: 28/57 MP: 9/9
  5411 | D:6      | Reached skill level 5 in Long Blades
  5436 | D:6      | Found a blossoming altar of Fedhas.
  5437 | D:6      | Noticed Grinder
  5601 | D:6      | Killed Grinder
  5602 | D:6      | Reached skill level 1 in Stealth
  5677 | D:6      | Reached skill level 1 in Dodging
  5793 | D:7      | Reached XP level 9. HP: 15/63 MP: 10/10
  5985 | D:7      | Found an opulent altar of Gozag.
  6350 | D:7      | Reached skill level 7 in Fighting
  6566 | D:5      | Found a basalt altar of Yredelemnul.
  6567 | D:5      | Found a radiant altar of Vehumet.
  6604 | D:5      | Killed Sigmund
  6763 | D:8      | Learned a level 2 spell: Scorch
  6812 | D:8      | Found Wagupan's Magic Scroll Shoppe.
  6819 | D:8      | Bought a scroll of enchant weapon for 82 gold pieces
  6819 | D:8      | Bought a scroll of enchant armour for 82 gold pieces
  7528 | D:8      | Learned a level 4 spell: Summon Ice Beast
  7669 | D:9      | Reached skill level 1 in Summonings
  7709 | D:9      | Reached skill level 1 in Ice Magic
  7791 | D:9      | Noticed Harold
  7847 | D:9      | Reached XP level 10. HP: 67/72 MP: 12/14
  7855 | D:9      | Noticed Psyche
  7858 | D:9      | Killed Psyche
  7859 | D:9      | Reached skill level 5 in Dodging
  8115 | D:9      | Reached skill level 8 in Fighting
  8236 | D:9      | Noticed a two-headed ogre
  8506 | D:9      | Noticed a two-headed ogre
  8514 | D:9      | Killed a two-headed ogre
  8640 | D:10     | Entered Level 10 of the Dungeon
  8846 | D:10     | Noticed a two-headed ogre
  8859 | D:10     | Killed a two-headed ogre
  8874 | D:10     | Noticed a two-headed ogre
  8930 | D:10     | Killed a two-headed ogre
  9138 | D:10     | Reached skill level 5 in Summonings
  9138 | D:10     | Reached skill level 5 in Ice Magic
  9238 | D:10     | Reached XP level 11. HP: 40/77 MP: 11/15
  9427 | D:11     | Noticed a death yak
  9427 | D:11     | Noticed a two-headed ogre
  9440 | D:11     | Found a staircase to the Orcish Mines.
  9440 | D:11     | Found Vouroef's Weapon Shoppe.
  9442 | D:11     | Noticed an orc knight
  9451 | D:11     | Killed an orc knight
  9485 | D:11     | Noticed a manticore
  9591 | D:11     | Found a transporter.
  9593 | D:11     | Found a transporter.
  9708 | D:11     | Found Ilutept's Jewellery Shoppe.
  9723 | D:11     | Found a staircase to the Lair.
  9730 | D:11     | Noticed a death yak
  9774 | D:11     | ffs
  9781 | D:11     | Killed a manticore
  9899 | D:11     | Reached skill level 1 in Evocations
  9952 | D:11     | Found a frozen archway.
  9961 | IceCv    | Entered an ice cave
 10093 | D:11     | Noticed a six-headed hydra
 10097 | D:11     | Noticed Sonja
 10135 | D:11     | Killed a six-headed hydra
 10363 | D:11     | Killed a two-headed ogre
 10403 | D:11     | Noticed a death yak
 10521 | D:11     | Noticed a sun demon
 10523 | D:11     | HP: 3/77 [sun demon[a kobold demonologist] (22)]
 10523 | D:11     | Slain by a sun demon

Illustrated notes

......................#
......................#
..<...................#
.[.........#########..#
.))..[...).# #..#
...........# #..#####..
...........# #.........
...[.......##+######.........
................@.Y..........
.>.......?......########.....
...............H# .....
........#####.[.# ....
........# #...# ... ..#.....#
#...# ... ..#...#.## #....
..##+##..####....
........∩.......


Turn 9774 on D:11: ffs

Levels and vault maps discovered:
D:1:      amcnicky_arrival_blooded_trapdoor, layout_loops_cross,
          basic_ecumenical_altar
D:2:      layout_loops_corners, basic_altar
D:3:      minmay_bubble_buster, layout_basic,
          chequers_temple_overflow_statue_of_worship, serial_curves,
          eino_curves_02, eino_curves_03, eino_curves_02, serial_shops, shop,
          nicolae_shop_trees, uniq_jessica
D:4:      layout_loops_ring, ebering_ghost_sewer_f
D:5:      layout_basic, gammafunk_temple_overflow_statue,
          minmay_temple_entry_glassed_door, uniq_blork_the_orc, uniq_edmund,
          uniq_sigmund
D:6:      layout_rooms, fedhas_altar_1, ebering_ghost_sewer_d, uniq_grinder
D:7:      layout_rooms, lemuel_crystal_altar
D:8:      layout_basic, serial_shops, shop
D:9:      layout_roguey, uniq_harold, uniq_psyche
D:10:     layout_cross
D:11:     layout_irregular_city, dpeg_lair_monsters, orc_david_3,
          portal_ice_cave_entry_pillars_2, gammafunk_ghost_wrathful_warriors,
          serial_shops, shop, uniq_sonja

Skill      XL: |  1  2  3  4  5  6  7  8  9 10 11 |
---------------+----------------------------------+-----
Throwing       | 1 2 3 4 5 |  5.0
Polearms       | 4 |  4.0
Fighting       | 4 6 7 8 |  8.0
Long Blades    | 4 6 7 |  7.0
Stealth        | 3 |  3.0
Dodging        | 2 4 7 |  7.8
Spellcasting   | 2 3 4 |  4.2
Summonings     | 1 5 |  5.3
Ice Magic      | 1 5 6 |  6.3
Evocations     | 3 |  3.3
Fire Magic     | |  3.5

Action                   |  1- 3 |  4- 6 |  7- 9 | 10-12 || total
-------------------------+-------+-------+-------+-------++-------
Melee: Spear             |    86 |    80 |    74 |       ||   240
       Constrict         |    15 |    15 |    42 |    17 ||    89
       Tentacles         |    11 |    16 |    49 |    27 ||   103
       Punch             |     1 |       |     4 |     4 ||     9
       Scimitar          |       |       |   148 |   125 ||   273
       Unarmed           |       |       |       |     1 ||     1
Throw: Boomerang         |     1 |    21 |    36 |    29 ||    87
       Dart              |       |       |       |     4 ||     4
       Javelin           |       |       |       |     3 ||     3
 Cast: Summon Ice Beast  |       |       |       |    30 ||    30
Invok: Foxfire Swarm     |       |     2 |     2 |     2 ||     6
       Fiery Armour      |       |       |     3 |       ||     3
Evoke: Wand              |       |       |       |     1 ||     1
  Use: Scroll            |     3 |     3 |     9 |    10 ||    25
       Potion            |       |       |       |     1 ||     1
 Stab: Sleeping          |    10 |     5 |     4 |       ||    19
Armor: Skin              |     2 |     1 |    21 |     4 ||    28
Dodge: Dodged            |    28 |    33 |   151 |   148 ||   360
